 Dungeon Sprint DCSS version 0.17-a0-1522-g6c5b4ba (webtiles) character file.

1498 ztt the Unseen (level 8, -8/37 HPs)
             Began as a Spriggan Enchanter on July 14, 2015.
             Was a High Priest of Dithmenos.
             Killed by divine providence
             ... invoked by an orc priest
              (9 damage)
             ... in the Dungeon (Sprint V: "Ziggurat Sprint").
             The game lasted 00:04:44 (973 turns).

ztt the Unseen (Spriggan Enchanter)                  Turns: 973, Time: 00:04:44

Health: -8/37      AC:  3    Str:  4    XL:     8   Next: 52%
Magic:  12/19      EV: 23    Int: 31    God:    Dithmenos [*****.]
Gold:   0          SH:  0    Dex: 16    Spells: 3 memorised, 15 levels left

rFire  . . .     SeeInvis +     a - +1 dagger
rCold  . . .     Clarity  .     b - +1 robe
rNeg   . . .     SustAt   .     (shield restricted)
rPois  .         Gourm    .     (helmet restricted)
rElec  .         Spirit   .     (no cloak)
rCorr  .         Warding  .     (gloves unavailable)
rMut   .         NoTele   +     (boots unavailable)
MR     +....                    (no amulet)
Stlth  ++++++++++               H - +6 ring of intelligence
                                G - +6 ring of intelligence

@: wreathed by umbra, very quick, somewhat resistant to hostile enchantments,
uncannily stealthy
A: unfitting armour, see invisible, herbivore 3, speed 3, slow metabolism 2
a: Shadow Step, Shadow Form, Renounce Religion


You were in the Dungeon.
You worshipped Dithmenos.
Dithmenos was extremely pleased with you.
You were not hungry.

You visited 1 branch

Inventory:

Hand weapons
 a - a +1 dagger (weapon)
 l - a +5 quick blade
 m - a +5 rapier
Armour
 b - a +1 robe (worn)
 k - a +5 gold dragon armour
Jewellery
 u - a +6 ring of dexterity
 F - a +6 ring of dexterity
 G - a +6 ring of intelligence (left hand)
 H - a +6 ring of intelligence (right hand)
 I - a +6 ring of strength
 J - a +6 ring of strength
 K - a +3 ring of slaying
Magical devices
 n - a wand of disintegration (7)
 o - a wand of fire (5)
 p - a wand of cold (5)
 q - a wand of draining (5)
 M - a wand of hasting (3)
Scrolls
 j - 4 scrolls of blinking
 x - 4 scrolls of amnesia
 y - 3 scrolls of recharging
 z - 7 scrolls of fog
 A - a scroll of holy word
 B - 5 scrolls of identify
 C - 5 scrolls of remove curse
 D - 2 scrolls of fear
Potions
 e - 9 potions of curing
 f - 10 potions of heal wounds
 g - 6 potions of haste
 h - 7 potions of magic
 i - 3 potions of berserk rage
 r - 2 potions of brilliance
 s - 2 potions of invisibility
 t - 4 potions of resistance
 v - 5 potions of agility
 w - 5 potions of might
Books
 c - a book of Maledictions

   Spells                             Type                      Level
   a - Corona                         Hexes                        1
   b - Ensorcelled Hibernation        Hexes/Ice                    2
   c - Confuse                        Hexes                        3
   d - Tukima's Dance                 Hexes                        3
   e - Dazzling Spray                 Conjuration/Hexes            3
 L - a book of Hinderance

   Spells                             Type                      Level
   a - Confusing Touch                Hexes                        2
   b - Confuse                        Hexes                        3
   c - Gell's Gravitas                Hexes/Translocation          3
   d - Petrify                        Transmutation/Earth          4
   e - Metabolic Englaciation         Hexes/Ice                    5
 N - a book of Cantrips

   Spells                             Type                      Level
   a - Corona                         Hexes                        1
   b - Animate Skeleton               Necromancy                   1
   c - Summon Small Mammal            Summoning                    1
   d - Apportation                    Translocation                1
Comestibles
 d - 5 bread rations
 E - 42 fruits


   Skills:
 * Level 1.0 Fighting
 + Level 2.6 Short Blades
 + Level 8.3 Dodging
 * Level 20.7 Stealth
 + Level 7.1 Spellcasting
 + Level 11.4 Hexes


You had 15 spell levels left.
You knew the following spells:

 Your Spells              Type           Power        Failure   Level  Hunger
a - Corona                Hex            ######.      1%          1    None
b - Ensorcelled Hibernat  Hex/Ice        #####.       1%          2    None
c - Confuse               Hex            ######..     1%          3    None


Dungeon Overview and Level Annotations

Branches:
Dungeon (1/1)

Altars:
Ashenzari
Cheibriados
Dithmenos
Elyvilon
Fedhas
Gozag
Kikubaaqudgha
Makhleb
Nemelex Xobeh
Okawaru
Qazlal
Ru
Sif Muna
Trog
Vehumet
Xom
Yredelemnul
Zin
The Shining One
Beogh
Jiyva
Lugonu


Innate Abilities, Weirdness & Mutations

You are tiny and cannot use many weapons and most armour.
You have supernaturally acute eyesight.
You are a herbivore.
You cover ground extremely quickly.
You need consume almost no food.


Message History

Aiming: Ensorcelled Hibernation
Press: ? - help, Shift-Dir - straight line, f/p - orc wizard
Aim: an orc wizard, wielding a dagger and wearing a robe (black smoke, umbra, chance to defeat MR: 71%)
The orc wizard is unaffected.
Unknown command.
Casting: Ensorcelled Hibernation
Confirm with . or Enter, or press ? or * to list all spells.
Aiming: Ensorcelled Hibernation
Press: ? - help, Shift-Dir - straight line, f/p - orc wizard
Aim: an orc wizard, wielding a dagger and wearing a robe (black smoke, umbra, chance to defeat MR: 71%)
The orc wizard is unaffected.
Your shadow mimicks your spell!
The orc wizard is unaffected.
The orc priest mumbles some strange prayers to Beogh against you.
Pain shoots through your body!
* * * LOW HITPOINT WARNING * * *
You emit a cloud of dark smoke.
The orc priest calls down the wrath of Beogh upon you.
Something smites you!
You die...

▓▓▓▓▓▓▓▓▓▓▓▓▓▓▓▓▓▓▓
▓...8©8...▓..8©8..▓
▓..[§:=...▓..|=)..▓
▓...)[)...▓..|÷)..▓
▓.........▓.......▓
▓......§§§▓.......▓
▓.....o§§o▓.......▓
▓.......oo▓.....).▓
▓.▓.....▓@▓.......▓
▓.......oo▓.......▓
▓▓▓▓▓▓▓▓▓▓▓▓▓▓▓▓▓▓▓
▓..8©8..▓ ▓..")...▓
▓...:)..▓ ▓.......▓
▓.......▓ ▓.......▓


You could see an orc warrior, 2 orc priests, 2 orc wizards and an orc.

Vanquished Creatures
  An ugly thing (D)
  An ancient zyme (D)
  A large abomination (D)
  A mottled dragon (shapeshifter) (D)
  4 necrophages (D)
  A swamp drake (shapeshifter) (D)
  A wight (D)
  2 crimson imps (D)
  2 quasits (D)
  A shadow imp (D)
  2 white imps (D)
  2 ufetubi (D)
  An orc (D)
  A bat skeleton (D)
  A bat zombie (D)
  A ball python skeleton (D)
  A jackal zombie (D)
24 creatures vanquished.

Notes
Turn   | Place    | Note
--------------------------------------------------------------
     0 | D        | ztt the Spriggan Enchanter began the quest for the Orb.
     0 | D        | Reached XP level 1. HP: 9/9 MP: 5/5
     3 | D        | Found an iron altar of Okawaru.
     3 | D        | Found a radiant altar of Vehumet.
     3 | D        | Found a shimmering altar of Xom.
     3 | D        | Found a burning altar of Makhleb.
    10 | D        | Found a deep blue altar of Sif Muna.
    12 | D        | Found a white marble altar of Elyvilon.
    12 | D        | Found a corrupted altar of Lugonu.
    12 | D        | Found a sparkling altar of Nemelex Xobeh.
    12 | D        | Found a roughly hewn altar of Beogh.
    12 | D        | Found a bloodstained altar of Trog.
    12 | D        | Found a viscous altar of Jiyva.
    38 | D        | Became a worshipper of Dithmenos the Shadowed
    39 | D        | Reached skill level 12 in Stealth
    39 | D        | Reached XP level 2. HP: 13/13 MP: 6/6
    43 | D        | Learned a level 2 spell: Ensorcelled Hibernation
    57 | D        | Entered arena 1.
    57 | D        | Noticed a swamp drake
    57 | D        | Noticed a mottled dragon
    60 | D        | Killed a swamp drake
    60 | D        | Reached skill level 13 in Stealth
    60 | D        | Reached XP level 3. HP: 16/16 MP: 6/9
    60 | D        | Reached XP level 4. HP: 21/21 MP: 7/11
    61 | D        | Killed a mottled dragon
    61 | D        | Reached skill level 5 in Dodging
    61 | D        | Reached skill level 14 in Stealth
    61 | D        | Reached skill level 5 in Spellcasting
    61 | D        | Reached XP level 5. HP: 24/24 MP: 7/13
   109 | D        | Entered arena 2.
   109 | D        | Noticed a draconian
   109 | D        | Noticed a draconian
   109 | D        | Noticed a draconian
   115 | D        | Entered arena 3.
   115 | D        | Noticed a necrophage
   115 | D        | Noticed a wight
   123 | D        | Killed a necrophage
   123 | D        | Acquired Dithmenos's first power
   123 | D        | Reached skill level 15 in Stealth
   123 | D        | Reached XP level 6. HP: 24/28 MP: 14/14
   139 | D        | Entered arena 4.
   139 | D        | Noticed a brown ugly thing
   139 | D        | Noticed a giant frog
   139 | D        | Noticed a cyan ugly thing
   139 | D        | Noticed a green ugly thing
   143 | D        | Killed a green ugly thing
   143 | D        | Reached skill level 18 in Stealth
   143 | D        | Reached skill level 10 in Hexes
   143 | D        | Reached XP level 7. HP: 18/32 MP: 14/17
   146 | D        | Entered arena 5.
   146 | D        | Noticed a crimson imp
   146 | D        | Noticed a large abomination
   150 | D        | Killed a large abomination
   151 | D        | Reached skill level 19 in Stealth
   153 | D        | Killed a crimson imp
   153 | D        | Acquired Dithmenos's second power
   289 | D        | Learned a level 3 spell: Confuse
   291 | D        | Entered arena 6.
   291 | D        | Noticed a wight
   291 | D        | Noticed a necrophage
   291 | D        | Noticed a necrophage
   291 | D        | Noticed a necrophage
   297 | D        | Killed a necrophage
   298 | D        | Killed a necrophage
   298 | D        | Acquired Dithmenos's third power
   298 | D        | Reached XP level 8. HP: 37/37 MP: 18/18
   317 | D        | Killed a necrophage
   323 | D        | Killed a wight
   323 | D        | Reached skill level 20 in Stealth
   529 | D        | Got the ring "Aworch" {+Fly rPois rN+ Str-4 Int-2}
   532 | D        | Entered arena 7.
   532 | D        | Noticed an ancient zyme
   532 | D        | Noticed a quasit
   532 | D        | Noticed a quasit
   532 | D        | Noticed a crimson imp
   550 | D        | Killed a quasit
   550 | D        | Acquired Dithmenos's fourth power
   560 | D        | Killed a crimson imp
   560 | D        | Killed a quasit
   574 | D        | Killed an ancient zyme
   574 | D        | Reached skill level 1 in Fighting
   954 | D        | Entered arena 8.
   954 | D        | Noticed an orc priest
   954 | D        | Noticed an orc warrior
   954 | D        | Noticed an orc wizard
   954 | D        | Noticed an orc wizard
   954 | D        | Noticed an orc priest
   973 | D        | HP: 1/37 [orc priest/nerve-wracking pain (13)]
   973 | D        | Killed from afar by an orc priest

Vault maps used:
D:        sprint_v

Action                   |  1- 3 |  4- 6 |  7- 9 || total
-------------------------+-------+-------+-------++-------
Melee: Dagger            |     1 |     5 |    32 ||    38
 Cast: Confuse           |       |       |    11 ||    11
       Ensorcelled Hiber |       |       |     4 ||     4
  Use: Potion            |     1 |       |     1 ||     2
 Stab: Sleeping          |     1 |     5 |     9 ||    15
       Confused          |       |       |     5 ||     5
